 Dungeon Crawl Stone Soup version 0.28-a0-535-g6f645e4c1d (webtiles) character file.

Game seed: 12990677214530030946

217 Demosthentine the Poker (level 5, -3/42 HPs)
             Began as a Merfolk Gladiator on Sept 27, 2021.
             Killed by divine providence
             ... invoked by an orc priest
              (12 damage)
             ... on level 3 of the Dungeon.
             The game lasted 00:02:46 (3061 turns).

Demosthentine the Poker (Merfolk Gladiator)         Turns: 3061, Time: 00:02:47

Health: -3/42      AC:  7    Str: 15    XL:     5   Next: 94%
Magic:  5/5        EV: 14    Int:  8    God:
Gold:   302        SH:  0    Dex: 15    Spells: 4/4 levels left

rFire   + . .      SeeInvis .   a - +0 trident
rCold   . . .      Faith    .   (no shield)
rNeg    . . .      Spirit   .   h - +2 leather armour {rF+}
rPois   .          Reflect  .   c - +0 helmet
rElec   .          Harm     .   l - +0 cloak
rCorr   .          Rampage  .   (no gloves)
Will    .....                   (no boots)
Stlth   +.........              (no amulet)
HPRegen 0.14/turn               (no ring)
MPRegen 0.09/turn               (no ring)

@: very slightly contaminated, invisible
A: (nimble swimmer 2), mertail
a: no special abilities


You were on level 3 of the Dungeon.
You visited 1 branch of the dungeon, and saw 3 of its levels.

You collected 1210 gold pieces.
You spent 908 gold pieces at shops.

Inventory:

Hand Weapons
 a - a +0 trident (weapon)
Missiles
 d - 2 throwing nets (quivered)
Armour
 b - the +3 salamander hide armour {Flames rF++ rC--}
   (You bought it in a shop on level 2 of the Dungeon)

   It surrounds you with a cloud of flames.
   It grants immunity to clouds of flame.
   It enhances your fire magic.
   rF:        It greatly protects you from fire.
   rC:        It makes you very vulnerable to cold.
 c - a +0 helmet (worn)
 h - a +2 leather armour of fire resistance (worn)
 l - a +0 cloak (worn)
Scrolls
 e - a scroll of holy word {unknown}
Potions
 g - a potion of invisibility
 k - a potion of attraction {unknown}


   Skills:
 + Level 3.7 Fighting
 + Level 6.0 Polearms
 - Level 2.0 Throwing
 + Level 1.8 Armour
 + Level 5.4 Dodging


You had 4 spell levels left.
You didn't know any spells.
Your spell library was empty.

Dungeon Overview and Level Annotations

Branches:
Dungeon (3/15)

Altars:
Uskayaw

Shops:
D:2 [


Innate Abilities, Weirdness & Mutations

((You are quick and stealthy near water. (Stealth+, EV+, Speed+++)))
Your lower body shifts to a powerful aquatic tail in water.


Message History

The orc priest is heavily wounded.
The orc priest hits you with a +0 club. The orc priest misses you.
The orc hits you with a +0 flail.
* * * LOW HITPOINT WARNING * * *
You closely miss the orc priest.
The orc priest is heavily wounded.
The orc priest closely misses you. The orc hits you with a +0 flail.
* * * LOW HITPOINT WARNING * * *
The orc priest barely misses you.
Unknown command.
You hit the orc priest.
The orc priest is almost dead.
The orc priest completely misses you. The orc priest barely misses you.
The orc barely misses you.
Unknown command.
You closely miss the orc priest.
The orc priest is almost dead.
The orc priest closely misses you.
The orc priest miscasts a cantrip.
The orc hits you but does no damage.
Unknown command.
You hit the orc priest.
You kill the orc priest!
The orc priest looks encouraged for a moment.
The orc closely misses you. The orc barely misses you.
Your Polearms skill increases to level 6!
Unknown command.
It was a potion of invisibility.
You fade into invisibility!
The orc priest mumbles some strange prayers to Beogh against you.
You barely resist. The orc barely misses you.
The orc hits you but does no damage.
You are very lightly contaminated with residual magic.
Unknown command.
Unknown command.
Unknown command.
Items here: ( )) †.
The orc priest mumbles some strange prayers to Beogh against you.
Beogh smites you!
You die...

#.# #.# #.# # #. #)# #.# #.# #.#.
#.# #.# #.# #.#.#####)#####.# #..
...............# ##. #.
########...###.####### #.
#.###.....##...# #...# #.
#.........###..#####.# #.
#..#####........@.##.# #.
#.#...#.o.o)..##.##.###########.
##.#.((#.####..##.##........)..<.
...#####.......#...#..###########
.......o...##...........#
##..._).....#.#......##.#
##..................# .#
####...#..#.#.....## #
#...#..#.#.....#


You could see an orc priest and an orc.

Vanquished Creatures
  An orc priest (D:3)
  Crazy Yiuf (D:2)
  Jessica (D:3)
  5 adders (D:2)
  A dart slug (D:3)
  2 orcs (D:3)
  11 ball pythons
  4 bats
  8 endoplasms
  4 giant cockroaches
  8 goblins
  6 hobgoblins
  4 jackals (D:3)
  4 quokkas
  16 frilled lizards
  2 kobolds (D:1)
  6 rats
84 creatures vanquished.

Vanquished Creatures (others)
  3 plants (D:1)
3 creatures vanquished.

Grand Total: 87 creatures vanquished

Notes
Turn   | Place    | Note
-------+----------+-------------------------------------------
     0 | D:1      | Demosthentine the Merfolk Gladiator began the quest for the
                  | Orb.
     0 | D:1      | Reached XP level 1. HP: 16/16 MP: 1/1
    56 | D:1      | Reached XP level 2. HP: 23/23 MP: 2/2
   532 | D:1      | Reached XP level 3. HP: 28/28 MP: 3/3
   788 | D:1      | Reached skill level 5 in Polearms
  1015 | D:2      | Reached skill level 1 in Armour
  1137 | D:2      | Reached XP level 4. HP: 30/35 MP: 4/4
  1845 | D:2      | Reached skill level 5 in Dodging
  2029 | D:2      | Found Fufirah's Antique Armour Shop.
  2285 | D:2      | Found a runed translucent door.
  2286 | D:2      | Noticed Crazy Yiuf
  2680 | D:2      | Killed Crazy Yiuf
  2681 | D:2      | Reached XP level 5. HP: 41/41 MP: 5/5
  2688 | D:2      | Identified a scroll of acquirement
  2688 | D:2      | Acquired 1119 gold pieces
  2717 | D:2      | Bought a runed leather armour for 115 gold pieces
  2729 | D:2      | Bought the +3 salamander hide armour {Flames rF++ rC--} for
                  | 793 gold pieces
  2729 | D:2      | Found the +3 salamander hide armour {Flames rF++ rC--}
  2826 | D:3      | Noticed Jessica
  2834 | D:3      | Killed Jessica
  2991 | D:3      | Noticed a +0 hand axe
  2991 | D:3      | Noticed a +0 dagger
  2993 | D:3      | Found a hide-covered altar of Uskayaw.
  3049 | D:3      | Reached skill level 6 in Polearms
  3061 | D:3      | Killed from afar by an orc priest

Illustrated notes

Levels and vault maps discovered:
D:1:      wander_arrival_desolate, layout_basic, minmay_lizard_king
D:2:      layout_loops_corners, serial_shops, shop, st_stairs_3,
          minmay_split_cup_large, uniq_crazy_yiuf_cottage
D:3:      layout_loops_ring, dancing_weapons_uskayaw, amcnicky_altar_gilded,
          uniq_ijyb, uniq_grinder, uniq_jessica

Skill      XL: |  1  2  3  4  5 |
---------------+----------------+-----
Polearms       | 5 6 |  6.0
Armour         | 1 |  1.8
Fighting       | 3 |  3.7
Dodging        | 5 |  5.4
Throwing       | |  2.0

Action                   |  1- 3 |  4- 6 || total
-------------------------+-------+-------++-------
Melee: Trident           |   114 |   167 ||   281
Throw: Throwing net      |       |     1 ||     1
  Use: Scroll            |       |     3 ||     3
       Potion            |       |     3 ||     3
 Stab: Sleeping          |     4 |     3 ||     7
Armor: Leather armour    |    28 |    55 ||    83
Dodge: Dodged            |    71 |   133 ||   204

Table legend: (Time is in decaauts)
 A = Elapsed time spent in this place.
 B = Non-inter-level travel time spent in this place.
 C = Inter-level travel time spent in this place.
 D = Time resting spent in this place.
 E = Time spent auto-exploring this place.
 F = Levels seen in this place.
 G = Mean time per level.
                   A        B        C        D        E       F      G
               +--------+--------+--------+--------+--------+-----+--------+
         Total |   3073 |   3011 |     62 |      0 |   2490 |   3 | 1024.3 |
       Dungeon |   3073 |   3011 |     62 |      0 |   2490 |   3 | 1024.3 |
               +--------+--------+--------+--------+--------+-----+--------+

Top non-repeatable levels by time:
     D:2: 1747 daAuts
     D:1: 1008 daAuts
     D:3: 317 daAuts
